 Dungeon Crawl Stone Soup version 0.31-a0-931-g7b59d4eb97 (webtiles) character file.

Game seed: 2157631145559313599

1444 IdlyInterested the Trooper (level 8, 0/64 HPs)
             Began as a Demonspawn Fighter on Oct 19, 2023.
             Splashed by a jelly's acid (6 damage)
             ... on level 6 of the Dungeon.
             The game lasted 00:20:57 (4858 turns).

IdlyInterested the Trooper (Demonspawn Fighter)     Turns: 4858, Time: 00:20:58

Health: 0/64       AC:  5    Str: 16    XL:     8   Next: 46%
Magic:  0/8        EV: 10    Int: 13    God:
Gold:   344        SH:  8    Dex: 14    Spells: 7/7 levels left

rFire   . .          .
                       - Unarmed
rCold   + + +        v - +0 kite shield
rNeg    . . .        j - +0 ring mail {rF+}
rPois   .            (no helmet)
rElec   .            (no cloak)
rCorr   .            (no gloves)
SInv    +            E - +3 pair of mountain boots {steadfast, rC+}
Will    .....        C - amulet "Solylom" {Spirit rF- rC++ Int+2}
Stlth   ++           y - ring of see invisible
HPRegen 0.30/turn    (no ring)
MPRegen 0.11/turn

%: guardian spirit
@: corroded
A: claws 1, demonic guardian 1, powered by death 1
a: no special abilities


You were on level 6 of the Dungeon.
You visited 2 branches of the dungeon, and saw 7 of its levels.
You also visited: Sewer.

You collected 344 gold pieces.

Inventory:

Hand Weapons
 a - a +0 rapier of flaming
 c - a +0 heavy flail
 e - a +2 hand axe of venom
Missiles
 g - 22 stones (quivered)
 l - 5 boomerangs
 m - 7 poisoned darts
Armour
 i - a +3 ring mail
 j - a +0 ring mail of fire resistance (worn)
 v - a +0 kite shield (worn)
 B - a +0 robe of willpower
 E - the +3 pair of mountain boots (worn) {steadfast, rC+}
   (You found it in a sewer)

   Steadfast: It prevents involuntary movement, except for blinking,
   teleportation, or banishment.
   rC+:       It protects you from cold.
Magical Staves
 x - a staff of air
Jewellery
 u - an amulet of regeneration
 w - an amulet of magic regeneration
 y - a ring of see invisible (left claw)
 C - the amulet "Solylom" (around neck) {Spirit rF- rC++ Int+2}
   (You found it on level 4 of the Dungeon)

   [amulet of guardian spirit]

   Spirit:    It causes incoming damage to be divided between your reserves of
   health and magic.
   Int+2:     It affects your intelligence (+2).
   rF-:       It makes you vulnerable to fire.
   rC++:      It greatly protects you from cold.
Talismans
 t - a beast talisman
Wands
 z - a wand of roots (21)
Scrolls
 b - 2 scrolls of teleportation
 n - a scroll of fear
 o - a scroll of poison
 q - a scroll of butterflies
 r - a scroll of torment
 A - a scroll of enchant weapon {unknown}
Potions
 d - 4 potions of might
 f - a potion of attraction {unknown}
 h - a potion of brilliance
 k - a potion of cancellation
 p - a potion of invisibility {unknown}
 s - a potion of heal wounds
 D - a potion of haste {unknown}


   Skills:
 + Level 5.9 Fighting
 - Level 3.0 Short Blades
 - Level 3.0 Maces & Flails
 - Level 3.0 Throwing
 - Level 3.0 Armour
 - Level 3.0 Dodging
 - Level 3.0 Stealth
 - Level 3.0 Shields
 - Level 3.0 Unarmed Combat
 - Level 3.0 Evocations


You had 7 spell levels left.
You didn't know any spells.
Your spell library contained the following spells:

 Spells                   Type           Power      Damage    Failure   Level
 Foxfire                  Conj/Fire      0%         2x1d4     86%         1
 Kiss of Death            Conj/Necr      0%         2d5       86%         1
 Summon Small Mammal      Summ           0%         N/A       86%         1
 Blink                    Tloc           0%         N/A       95%         2
 Lesser Beckoning         Tloc           0%         N/A       95%         2
 Momentum Strike          Conj/Tloc      0%         3d8       95%         2
 Call Canine Familiar     Summ           0%         N/A       99%         3
 Confusing Touch          Hex            0%         N/A       99%         3
 Summon Guardian Golem    Hex/Summ       0%         N/A       99%         3
 Volatile Blastmotes      Fire/Tloc      0%         2d10      99%         3
 Dispel Undead            Necr           0%         3d6       100%        4
 Fulminant Prism          Conj/Hex       0%         3d5       100%        4
 Iskenderun's Mystic Bla  Conj/Tloc      0%         2d3       100%        4
 Plasma Beam              Fire/Air       0%         2x1d10    100%        6
 Simulacrum               Ice/Necr       0%         N/A       100%        6
 Starburst                Conj/Fire      0%         6d3       100%        6
 Ozocubu's Refrigeration  Ice            0%         4d7       100%        7
 Polar Vortex             Ice            0%         N/A       100%        9


Dungeon Overview and Level Annotations

Branches:
Dungeon (6/15)             Temple (1/1) D:5           Sewer (visited)

Altars:
Cheibriados
Dithmenos
Fedhas
Gozag
Kikubaaqudgha
Nemelex Xobeh
Okawaru
Qazlal
Ru
Sif Muna
Trog
Wu Jian
Xom
Yredelemnul
Lugonu

Shops:
D:2 (   D:4 :


Innate Abilities, Weirdness & Mutations

You have sharp fingernails.
A weak demonic guardian rushes to your aid.
You regenerate a little health from kills.


Message History

The howler monkey is severely wounded.
The howler monkey hits you but does no damage.
You barely miss the howler monkey.
The howler monkey is severely wounded.
The howler monkey hits you but does no damage.
You barely miss the howler monkey.
The howler monkey is severely wounded.
The howler monkey closely misses you. You block the howler monkey's attack.
You scratch the howler monkey.
You kill the howler monkey!
Found a whip.
You now have 344 gold pieces (gained 12).
Things that are here:
a +0 hand axe; an orc corpse A jelly comes into view.
Found a potion of curing.
The jelly quivers.
You block the jelly's attack.
You scratch the jelly.
Your claws burn!
The jelly is lightly wounded.
The jelly hits you.
You are splashed with acid!
You scratch the jelly but do no damage. The acid corrodes you!
Your claws burn!
The jelly is lightly wounded.
You block the jelly's attack. The jelly hits you but does no damage.
You scratch the jelly.
Your claws burn!
The jelly is lightly wounded.
You block the jelly's attack.
You scratch the jelly.
Your claws burn!
* * * LOW HITPOINT WARNING * * *
The jelly is moderately wounded.
The jelly hits you.
You are splashed with acid!
* * * LOW HITPOINT WARNING * * *
A demonic guardian appears!
You scratch the jelly.
Your claws burn!
* * * LOW HITPOINT WARNING * * *
The jelly is heavily wounded.
The jelly hits you.
* * * LOW HITPOINT WARNING * * *
The acid corrodes you!
You are splashed with acid!
You die...

#.. #### .....
#####....#
....)....#.#.
.......#!#.#
.....#.#.#.
#5..#.#.#.#.# ...
#J.#.#.#.#.#. ....
#@..#.#.#.#.#.#.
.....#....#.#.#.#.#.#.
............#.#.#.#.#.#
.....#...)...#.#.#.#.#.
.... #........#.#.#.#..
... #....#....#.#.#...
.. #....##....#.#.... .
#....###....#....#
........#...)....##


You could see a jelly (ally target) and a friendly white imp (summoned).

Vanquished Creatures
  Edmund (D:5)
  A water moccasin (D:6)
  A phantom (D:5)
  A bullfrog (Sewer)
  3 scorpions
  2 howler monkeys
  A jelly (D:5)
  5 hounds
  2 orc priests (D:5)
  3 iguanas
  16 adders
  4 worms
  18 orcs
  6 ball pythons
  7 endoplasms
  16 giant cockroaches
  7 goblins
  6 hobgoblins
  2 jackals (D:3)
  9 kobolds
  15 quokkas
  4 bats
  10 frilled lizards
  2 rats (D:3)
142 creatures vanquished.

Vanquished Creatures (collateral kills)
  A black bear (D:5)
  A phantom (D:6)
  A scorpion (D:5)
  2 orcs (D:5)
  A goblin (D:1)
  A kobold (D:1)
7 creatures vanquished.

Grand Total: 149 creatures vanquished

Notes
Turn   | Place    | Note
-------+----------+-------------------------------------------
     0 | D:1      | IdlyInterested the Demonspawn Fighter began the quest for
                  | the Orb.
     0 | D:1      | Reached XP level 1. HP: 18/18 MP: 1/1
   167 | D:1      | Gained mutation: A weak demonic guardian rushes to your
                  | aid. [demonic ancestry]
   167 | D:1      | Reached XP level 2. HP: 24/24 MP: 2/2
   211 | D:1      | Reached skill level 1 in Stealth
   460 | D:1      | Gained mutation: You have sharp fingernails. [demonic
                  | ancestry]
   460 | D:1      | Reached XP level 3. HP: 29/29 MP: 3/3
  1232 | D:2      | Found Deqoib's Antique Weapon Shoppe.
  1346 | D:3      | Reached skill level 1 in Unarmed Combat
  1555 | D:3      | Found a stormy altar of Qazlal.
  1631 | D:3      | Found a snail-covered altar of Cheibriados.
  1650 | D:3      | Reached XP level 4. HP: 26/35 MP: 4/4
  1661 | D:3      | Found a shimmering altar of Xom.
  2001 | D:4      | Found an ornate altar of the Wu Jian Council.
  2223 | D:4      | Reached XP level 5. HP: 38/41 MP: 5/5
  2511 | D:4      | Identified the amulet "Solylom" {Spirit rF- rC++ Int+2}
  2681 | D:4      | Found Fauhar's Book Shop.
  2741 | D:4      | Found an ancient bone altar of Kikubaaqudgha.
  2763 | D:4      | Found an opulent altar of Gozag.
  2771 | D:4      | Reached XP level 6. HP: 45/47 MP: 6/6
  2773 | D:4      | Reached skill level 1 in Dodging
  2841 | D:5      | Entered Level 5 of the Dungeon
  2933 | D:5      | Found a glowing drain.
  2945 | Sewer    | Entered a sewer
  3199 | Sewer    | Found the +3 pair of mountain boots {steadfast, rC+}
  3263 | Sewer    | Reached skill level 1 in Evocations
  3478 | D:5      | Gained mutation: You regenerate a little health from kills.
                  | [demonic ancestry]
  3478 | D:5      | Reached XP level 7. HP: 32/52 MP: 2/7
  3498 | D:5      | Reached skill level 1 in Maces & Flails
  3814 | D:5      | Found a sparkling altar of Nemelex Xobeh.
  3868 | D:5      | Noticed Edmund
  3903 | D:5      | Killed Edmund
  4051 | D:5      | Reached XP level 8. HP: 32/59 MP: 5/8
  4219 | D:5      | Found a staircase to the Ecumenical Temple.
  4231 | D:5      | Reached skill level 4 in Fighting
  4249 | Temple   | Entered the Ecumenical Temple
  4716 | D:6      | Reached skill level 5 in Fighting
  4858 | D:6      | Splashed by a jelly's acid

Illustrated notes

Levels and vault maps discovered:
D:1:      scummos_arrival_hexagon, layout_loops_ring, supply_closet_lemuel,
          grunt_decor_fettered
D:2:      layout_basic, serial_shops, nicolae_shop_tiny_glass,
          hangedman_feature_mirror
D:3:      layout_basic, mainiacjoe_overflow_surrounded_room,
          grunt_qazlal_clouds, nicolae_overflow_crystal_walls
D:4:      layout_basic, mainiacjoe_overflow_alcove_1,
          mainiacjoe_overflow_two_lobes, serial_curves, eino_curves_03,
          eino_curves_04, serial_shops, nicolae_book_shop_shelving
D:5:      layout_loops_ring, nemelex_diamond_rough_becter,
          minmay_temple_entry_mini_moons, cheibrodos_sewer_entry_sluice,
          uniq_edmund
D:6:      dreamdust_elfheim, layout_basic, tso_metal_star, nicolae_the_louvre
Temple:   corrupted_temple

Skill      XL: |  1  2  3  4  5  6  7  8 |
---------------+-------------------------+-----
Short Blades   | 2 3 |  3.0
Stealth        | 1 3 |  3.0
Unarmed Combat | 1 2 3 |  3.0
Armour         | 3 |  3.0
Shields        | 3 |  3.0
Dodging        | 3 |  3.0
Evocations     | 2 3 |  3.0
Maces & Flails | 3 |  3.0
Throwing       | 3 |  3.0
Fighting       | 5 |  5.9

Action                     |  1- 3 |  4- 6 |  7- 9 || total
---------------------------+-------+-------+-------++-------
  Melee: Hand axe          |   101 |   168 |       ||   269
         Unarmed           |       |    33 |   187 ||   220
  Throw: Stone             |       |    10 |     1 ||    11
  Evoke: Wand              |       |     1 |       ||     1
    Use: Potion            |     3 |     2 |     3 ||     8
         Scroll            |     2 |     6 |       ||     8
   Stab: Sleeping          |     1 |     3 |     1 ||     5
 Armour: Ring mail         |    64 |   138 |   118 ||   320
         Scale mail        |     2 |       |       ||     2
  Dodge: Dodged            |    47 |    97 |    66 ||   210
  Block: Buckler           |    22 |    43 |       ||    65
         Kite shield       |       |    18 |    88 ||   106

Table legend: (Time is in decaauts)
 A = Elapsed time spent in this place.
 B = Non-inter-level travel time spent in this place.
 C = Inter-level travel time spent in this place.
 D = Time resting spent in this place.
 E = Time spent auto-exploring this place.
 F = Levels seen in this place.
 G = Mean time per level.
                   A        B        C        D        E       F      G
               +--------+--------+--------+--------+--------+-----+--------+
         Total |   5031 |   4431 |    600 |    240 |   2303 |   8 |  628.9 |
       Dungeon |   4548 |   3959 |    589 |    240 |   2290 |   6 |  758.0 |
        Temple |     23 |     12 |     11 |      0 |      0 |   1 |   23.0 |
         Sewer |    458 |    458 |      0 |      0 |     12 |   1 |  458.0 |
               +--------+--------+--------+--------+--------+-----+--------+

Top non-repeatable levels by time:
     D:5: 1315 daAuts
     D:4: 922 daAuts
     D:3: 699 daAuts
     D:1: 689 daAuts
     D:2: 664 daAuts
   Sewer: 458 daAuts
     D:6: 256 daAuts
  Temple: 23 daAuts
